 Dungeon Crawl Stone Soup version 0.30.1-3-gfc49f6343a (webtiles) character file.

Game seed: 6060558494010835498

21 spardeous the Firebug (level 2, -2/20 HPs)
             Began as a Demigod Fire Elementalist on July 29, 2023.
             Slain by a quokka (3 damage)
             ... on level 1 of the Dungeon.
             The game lasted 00:02:07 (781 turns).

spardeous the Firebug (Demigod Fire Elementalist)    Turns: 781, Time: 00:02:08

Health: -2/20      AC:  3    Str:  9    XL:     2   Next: 45%
Magic:  0/7        EV: 11    Int: 17    God:
Gold:   83         SH:  0    Dex: 14    Spells: 3/4 levels left

rFire   . . .        k - +2 hand axe (flame)
rCold   . . .        (no shield)
rNeg    . . .        h - +0 leather armour
rPois   .            (no helmet)
rElec   .            (no cloak)
rCorr   .            (no gloves)
SInv    .            (no boots)
Will    .....        (no amulet)
Stlth   ++           (no ring)
HPRegen 0.23/turn    (no ring)
MPRegen 0.10/turn

%: no passive effects
@: no status effects
A: high MP 1, forlorn, divine attributes
a: no special abilities


You were on level 1 of the Dungeon.
You visited 1 branch of the dungeon, and saw 1 of its levels.

You collected 83 gold pieces.

Inventory:

Hand Weapons
 k - a +2 hand axe of flaming (weapon)
Missiles
 i - a throwing net
Armour
 a - a +0 robe
 h - a +0 leather armour (worn)
Scrolls
 c - a scroll of immolation {unknown}
 e - a scroll of blinking {unknown}
 f - a scroll of teleportation {unknown}
 g - a scroll of magic mapping {unknown}
 j - a scroll of enchant weapon {unknown}
Potions
 b - a potion of magic
 d - a potion of might {unknown}


   Skills:
 - Level 1.7 Dodging
 - Level 1.7 Stealth
 - Level 1.7 Spellcasting
 - Level 0.8 Conjurations
 + Level 3.6 Fire Magic


You had 3 spell levels left.
You knew the following spells:

 Your Spells              Type           Power      Damage    Failure   Level
a - Foxfire               Conj/Fire      36%        2x1d5     11%         1

Your spell library contained the following spells:

 Spells                   Type           Power      Damage    Failure   Level
 Scorch                   Fire           26%        2d6       10%         2
 Inner Flame              Hex/Fire       7%         N/A       36%         3
 Volatile Blastmotes      Fire/Tloc      14%        2d11      36%         3
 Flame Wave               Conj/Fire      9%         2d6       73%         4
 Anguish                  Hex/Necr       0%         N/A       95%         4
 Cause Fear               Hex            0%         N/A       95%         4
 Enfeeble                 Hex            0%         N/A       100%        7


Dungeon Overview and Level Annotations

Branches:
Dungeon (1/15)


Innate Abilities, Weirdness & Mutations

You have an increased reservoir of magic. (+10% MP)
You shall have no god before yourself.
Your divine heritage dramatically boosts your attributes as you level up.


Message History

The gnoll barely misses you.
You now have 1/7 mp.
There are monsters nearby!
Casting: Foxfire (safe; 11% risk of failure)
Confirm with . or Enter, or press ? or * to list all spells.
You conjure some foxfire!
The gnoll closely misses you.
Your magical contamination has completely faded away.
The foxfire hits the gnoll.
The gnoll is heavily wounded.
The gnoll barely misses you.
You now have 0/7 mp.
Unknown command.
There is a large open door here.
The gnoll attacks as you move away! The gnoll closely misses you.
A quokka comes into view.
The gnoll attacks as you move away! The gnoll hits you with a +0 club.
You see here a ball python corpse.
You take 5 damage, and have 13/20 hp.
MASSIVE DAMAGE!!
You closely miss the gnoll.
The gnoll is heavily wounded.
The gnoll hits you with a +0 club.
* * * LOW HITPOINT WARNING * * *
The quokka bites you.
* * * LOW HITPOINT WARNING * * *
You take 7 damage, and have 6/20 hp.
MASSIVE DAMAGE!!
There are monsters nearby!
Casting: Foxfire (safe; 11% risk of failure)
Confirm with . or Enter, or press ? or * to list all spells.
You conjure some foxfire!
The gnoll hits you with a +0 club.
* * * LOW HITPOINT WARNING * * *
The quokka closely misses you.
The foxfire hits the gnoll but does no damage.
The gnoll is moderately wounded.
The foxfire hits the quokka but does no damage.
The quokka barely misses you. The gnoll hits you but does no damage.
You take 5 damage, and have 1/20 hp.
MASSIVE DAMAGE!!
You now have 0/7 mp.
Unknown command.
The gnoll attacks as you move away! The gnoll closely misses you.
The quokka barely misses you. The quokka bites you.
You die...

#.#####.#....#.....# #...
#.......######.....# #...
..........#...#...######...
##.......##...........##...
#.......##...........##.##
#....>................##.#
#.####.###..#'##########.#
#. #.#........# #.#
#.#.§@.....# #.#
#.#.rrg....# #.#
.#+#........# #.#
.............# ...
.........''###
.........#.###
.........#...#
.........###†# .........#
...


You could see a gnoll and 2 quokkas.

Vanquished Creatures
  A dart slug (D:1)
  4 bats (D:1)
  2 endoplasms (D:1)
  2 giant cockroaches (D:1)
  2 hobgoblins (D:1)
  A ball python (D:1)
  A frilled lizard (D:1)
  4 kobolds (D:1)
  A rat (D:1)
18 creatures vanquished.

Vanquished Creatures (others)
  84 foxfires (D:1)
84 creatures vanquished.

Grand Total: 102 creatures vanquished

Notes
Turn   | Place    | Note
-------+----------+-------------------------------------------
     0 | D:1      | spardeous the Demigod Fire Elementalist began the quest for
                  | the Orb.
     0 | D:1      | Reached XP level 1. HP: 14/14 MP: 5/5
    98 | D:1      | Reached skill level 3 in Fire Magic
   312 | D:1      | Reached XP level 2. HP: 16/20 MP: 2/7
   779 | D:1      | HP: 1/20 [gnoll/+0 club (6)]
   781 | D:1      | Slain by a quokka

Illustrated notes

Levels and vault maps discovered:
D:1:      amcnicky_arrival_gap_in_the_tavern_cellar, layout_basic

Skill      XL: |  1 |
---------------+----+-----
Fire Magic     | 3 |  3.6
Dodging        | |  1.7
Stealth        | |  1.7
Spellcasting   | |  1.7
Conjurations   | |  0.8

Action                     || total
---------------------------++-------
  Melee: Hand axe          ||     1
   Cast: Foxfire           ||    49
 Armour: Robe              ||     2
         Leather armour    ||     1
  Dodge: Dodged            ||    27
